 Dungeon Crawl Stone Soup version 0.17-a0-1838-g891d947 (webtiles) character file.

3469 abixa the Grappler (level 10, -12/85 (86) HPs)
             Began as a Ghoul Monk on Sept 15, 2015.
             Was an Elder of Okawaru.
             Killed from afar by Erica (23 damage)
             ... with an orb of energy
             ... on level 8 of the Dungeon.
             The game lasted 00:32:17 (6888 turns).

abixa the Grappler (Ghoul Monk)                     Turns: 6888, Time: 00:32:17

HP:   -12/85 (86)   AC:  8    Str: 16    XL:     10   Next: 6%
MP:   10/10         EV: 12    Int:  5    God:    Okawaru [****..]
Gold: 416           SH:  0    Dex: 14    Spells: 0 memorised, 9 levels left

rFire  + . .     SeeInvis .       - Unarmed
rCold  . . .     Clarity  .     F - +0 scale mail (curse)
rNeg   + + +     SustAt   .     (no shield)
rPois  ∞         Gourm    .     (no helmet)
rElec  .         Spirit   .     m - +0 cloak
rCorr  .         Warding  .     (no gloves)
rMut   .         Stasis   .     (no boots)
MR     +....                    v - amulet of regeneration
Stlth  +.........               P - ring of protection from magic
                                K - ring of fire

@: rotting, somewhat resistant to hostile enchantments, very unstealthy
A: rotting body, claws 1, carnivore 3, cold resistance 1, negative energy
resistance 3, slow healing 1, torment resistance, unbreathing
a: Heroism, Renounce Religion


You were on level 8 of the Dungeon.
You worshipped Okawaru.
Okawaru was greatly pleased with you.
You were not hungry.

You visited 2 branches of the dungeon, and saw 9 of its levels.

You collected 416 gold pieces.

Inventory:

Hand weapons
 i - a +0 blowgun
 r - a +1 hunting sling of flaming
Missiles
 f - 17 stones (quivered)
 h - 4 javelins of penetration
 l - 43 sling bullets
 s - 28 poisoned needles
Armour
 e - a +1 cloak of magic resistance
 m - a +0 cloak (worn)
 y - a +2 leather armour of fire resistance
 F - a cursed +0 scale mail (worn)
 J - a +2 ring mail of positive energy
Jewellery
 v - an amulet of regeneration (around neck)
 K - a ring of fire (left claw)
 P - a ring of protection from magic (right claw)
Magical devices
 a - a wand of polymorph (13)
 p - a wand of random effects (20)
 A - a wand of flame (15)
 B - a wand of slowing (10)
 C - a wand of draining (5)
 N - a wand of digging (4)
Scrolls
 j - 4 scrolls of identify {unknown}
 k - a scroll of enchant weapon {unknown}
 n - a scroll of noise {unknown}
 o - a scroll of brand weapon {unknown}
 q - 3 scrolls of teleportation {unknown}
 t - 6 scrolls of remove curse
 x - a scroll of blinking {unknown}
 E - a scroll of holy word {unknown}
 G - 2 scrolls of amnesia {unknown}
 I - a scroll of recharging {unknown}
 O - a scroll of fog {unknown}
 Q - a scroll of fear {unknown}
Potions
 d - a potion of degeneration {unknown}
 u - a potion of magic {unknown}
 w - 2 potions of cure mutation {unknown}
 z - a potion of might {unknown}
 D - 2 potions of ambrosia {unknown}
 L - 2 potions of lignification {unknown}
 R - 2 potions of haste
 S - a potion of flight {unknown}
 T - a potion of curing {unknown}
 U - a potion of poison {unknown}
 V - 2 potions of agility {unknown}
Books
 M - a book of Cantrips

   Spells                             Type                      Level
   a - Corona                         Hexes                        1
   b - Animate Skeleton               Necromancy                   1
   c - Summon Small Mammal            Summoning                    1
   d - Apportation                    Translocation                1
Comestibles
 b - 3 meat rations
 c - a slice of pizza
 g - 3 chunks of flesh
 H - 2 royal jellies


   Skills:
 + Level 7.6 Fighting
 + Level 5.4 Armour
 + Level 6.2 Dodging
 - Level 2.1 Stealth
 * Level 10.5 Unarmed Combat
 - Level 2.0 Invocations


You had 9 spell levels left.
You didn't know any spells.

Dungeon Overview and Level Annotations

Branches:
Dungeon (8/15)             Temple (1/1) D:5
   Lair: D:8-11

Altars:
Ashenzari
Cheibriados
Dithmenos
Elyvilon
Gozag
Kikubaaqudgha
Makhleb
Nemelex Xobeh
Okawaru
Qazlal
Ru
Sif Muna
Trog
Vehumet
Xom
Yredelemnul
Zin
The Shining One

Annotations:
D:8 Erica


Innate Abilities, Weirdness & Mutations

Your body is rotting away.
You thrive on raw meat.
You are immune to poison.
You have sharp fingernails.
You are carnivorous and can eat meat at any time.
Your flesh is cold resistant.
You are immune to negative energy.
You heal slowly when monsters are visible.
You are immune to unholy pain and torment.
You can survive without breathing.


Message History

Erica is heavily wounded.
Erica gestures wildly while chanting.
Erica flickers and vanishes!
Deactivating autopickup; reactivate with Ctrl-A.
You claw something!
You hear some strange, mumbled words.
An orb of energy appears from out of thin air!
The orb of energy hits you!
* * * LOW HITPOINT WARNING * * *
You closely miss something. Something hits you but does no damage.
You closely miss something. Something hits you.
* * * LOW HITPOINT WARNING * * *
You closely miss something. Something hits you!
* * * LOW HITPOINT WARNING * * *
Something burns you.
* * * LOW HITPOINT WARNING * * *
You hear some strange, mumbled words.
An orb of energy appears from out of thin air!
The orb of energy hits you!
You die...

.....#
#....##.....#
####+ .....#
#....##.....#
######
#....##.....#
#....##÷....#
#######....)#
#.....#
#.....#
#.....#
#...@.# ..
#.....#....
#...........
###(###....@
#.###..>..
#.(.......
#########.


There were no monsters in sight!

Vanquished Creatures
  The ghost of PeterLawrence the Basher, an experienced MiFi of Okawaru (D:6)
  Pikel (D:6)
  Maurice (D:8)
  Grinder (D:3)
  A spriggan (D:7)
  A wyvern (D:8)
  Edmund (D:5)
  A water moccasin (D:7)
  2 slaves (D:6)
  A phantom (D:7)
  A sky beast (D:5)
  2 centaurs
  A giant frog (D:7)
  2 scorpions
  4 crimson imps
  A centaur zombie (D:5)
  4 hounds
  3 orc priests
  A centaur skeleton (D:6)
  3 giant frog skeletons
  A jelly (D:5)
  2 orc wizards
  Jessica (D:3)
  8 worker ants
  A hound skeleton (D:7)
  6 adders
  7 gnolls
  A shadow imp (D:7)
  An ooze (D:1)
  2 adder skeletons
  4 adder zombies
  4 worms
  7 giant geckos
  9 orcs
  4 bats
  4 giant cockroaches
  10 hobgoblins
  8 jackals
  5 kobolds
  A giant gecko skeleton (D:6)
  A giant gecko zombie (D:5)
  2 giant newts
  4 goblins
  5 quokkas
  A quokka zombie (D:5)
  8 rats
140 creatures vanquished.

Vanquished Creatures (others)
  5 sheep (D:3)
5 creatures vanquished.

Grand Total: 145 creatures vanquished

Notes
Turn   | Place    | Note
--------------------------------------------------------------
     0 | D:1      | abixa the Ghoul Monk began the quest for the Orb.
     0 | D:1      | Reached XP level 1. HP: 19/19 MP: 0/0
    79 | D:1      | Found a sparkling altar of Nemelex Xobeh.
   168 | D:1      | Reached XP level 2. HP: 26/26 MP: 1/1
   530 | D:1      | Reached skill level 5 in Unarmed Combat
  1165 | D:1      | Reached XP level 3. HP: 27/31 MP: 2/2
  1365 | D:2      | Reached skill level 1 in Armour
  1835 | D:2      | Reached XP level 4. HP: 38/38 MP: 3/3
  2341 | D:3      | Found a shadowy altar of Dithmenos.
  2342 | D:3      | Found a glowing silver altar of Zin.
  2534 | D:3      | Noticed Grinder
  2541 | D:3      | Paralysed by Grinder for 4 turns
  2551 | D:3      | Paralysed by Grinder for 4 turns
  2600 | D:3      | Paralysed by Grinder for 6 turns
  2622 | D:3      | Paralysed by Grinder for 5 turns
  2628 | D:3      | Killed Grinder
  2628 | D:3      | Reached skill level 6 in Unarmed Combat
  2628 | D:3      | Reached XP level 5. HP: 18/46 MP: 4/4
  2628 | D:3      | Reached XP level 6. HP: 20/52 MP: 5/5
  2814 | D:3      | Noticed Jessica
  2823 | D:3      | Killed Jessica
  3038 | D:3      | Found a shimmering altar of Xom.
  3378 | D:4      | Found a shattered altar of Ashenzari.
  3389 | D:4      | Reached XP level 7. HP: 48/60 MP: 6/6
  3560 | D:4      | Found a bloodstained altar of Trog.
  3563 | D:4      | Found a basalt altar of Yredelemnul.
  3664 | D:4      | Reached skill level 7 in Unarmed Combat
  4035 | D:5      | Entered Level 5 of the Dungeon
  4118 | D:5      | Reached skill level 5 in Fighting
  4137 | D:5      | Found a sacrificial altar of Ru.
  4147 | D:5      | Found an ancient bone altar of Kikubaaqudgha.
  4148 | D:5      | Found an opulent altar of Gozag.
  4149 | D:5      | Found a stormy altar of Qazlal.
  4149 | D:5      | Found a deep blue altar of Sif Muna.
  4399 | D:5      | Found a radiant altar of Vehumet.
  4428 | D:5      | Reached XP level 8. HP: 67/67 MP: 7/7
  4513 | D:5      | Found a staircase to the Ecumenical Temple.
  4521 | Temple   | Entered the Ecumenical Temple
  4558 | Temple   | Became a worshipper of Warmaster Okawaru
  4558 | Temple   | Acquired Okawaru's first power
  4620 | D:5      | Noticed Edmund
  4639 | D:5      | Killed Edmund
  4639 | D:5      | Reached skill level 1 in Invocations
  4676 | D:5      | Reached skill level 8 in Unarmed Combat
  4858 | D:6      | Noticed Pikel
  5275 | D:6      | Found a white marble altar of Elyvilon.
  5315 | D:6      | Noticed PeterLawrence's ghost (experienced MiFi)
  5397 | D:6      | Killed PeterLawrence's ghost
  5397 | D:6      | Reached skill level 5 in Dodging
  5397 | D:6      | Reached skill level 9 in Unarmed Combat
  5397 | D:6      | Reached XP level 9. HP: 42/78 MP: 9/9
  5508 | D:6      | Killed Pikel
  6030 | D:7      | Reached skill level 5 in Armour
  6030 | D:7      | Reached skill level 10 in Unarmed Combat
  6630 | D:8      | Noticed Maurice
  6736 | D:8      | Killed Maurice
  6736 | D:8      | Received a gift from Okawaru
  6736 | D:8      | Reached XP level 10. HP: 74/83 MP: 10/10
  6870 | D:8      | Noticed Erica
  6888 | D:8      | Killed from afar by Erica

Vault maps used:
D:1:      saegor_arrival_simple_c, kennysheep_flooded_box
D:3:      kb_xom_exploding_sheep, gammafunk_temple_overflow_pools, first_bread,
          serial_park_tiny_2, minmay_misc_feat_four_crosses, minmay_ruptured,
          uniq_grinder, uniq_jessica
D:4:      ashenzari_conservatory_becter, minitemple
D:5:      grunt_temple_overflow_open, fiery_altar_vehumet, feat_on_display,
          uniq_edmund
D:6:      st_stairs_14, elyvilon_altar_1, uniq_pikel
D:7:      st_stairs_8, the_bakery
D:8:      due_unseen_surprise, uniq_maurice, uniq_grum, uniq_psyche, uniq_erica
Temple:   nicolae_temple_hex_pool

Action                   |  1- 3 |  4- 6 |  7- 9 | 10-12 || total
-------------------------+-------+-------+-------+-------++-------
Melee: Unarmed           |    80 |   137 |   356 |    10 ||   583
 Fire: Hunting sling     |       |     4 |       |       ||     4
       Blowgun           |       |       |    20 |     4 ||    24
Evoke: Wand              |       |       |     1 |       ||     1
  Use: Scroll            |       |       |     1 |       ||     1
 Stab: Sleeping          |     2 |     2 |     4 |       ||     8
  Eat: Chunk             |     5 |     7 |    23 |     2 ||    37
